 Dungeon Crawl Stone Soup version 0.25.1-8-g42b30a86e7 (webtiles) character file.

Game seed: 11717516044285360598

91 Azimut41r the Sneak (level 4, 0/29 HPs)
             Began as a Halfling Assassin on Dec 14, 2020.
             Killed from afar by Sigmund (9 damage)
             ... with a puff of flame
             ... on level 3 of the Dungeon on Dec 15, 2020.
             The game lasted 00:13:45 (2584 turns).

Azimut41r the Sneak (Halfling Assassin)             Turns: 2584, Time: 00:13:46

Health: 0/29       AC:  5    Str: 12    XL:     4   Next: 87%
Magic:  4/4        EV: 13    Int: 10    God:
Gold:   184        SH:  0    Dex: 15    Spells: 3/3 levels left

rFire    . . .     SeeInvis .   h - +2 dagger (venom)
rCold    . . .     Gourm    .   r - +0 buckler
rNeg     . . .     Faith    .   l - +0 leather armour
rPois    .         Spirit   .   (no helmet)
rElec    .         Reflect  .   c - +0 cloak
rCorr    .         Harm     .   (no gloves)
MR       .....                  q - +0 pair of boots
Stlth    +.........             (no amulet)
HPRegen  0.09/turn              (no ring)
MPRegen  0.09/turn              (no ring)

@: confused
A: small, mutation resistance 1
a: no special abilities


You were on level 3 of the Dungeon.
You were not hungry.

You visited 1 branch of the dungeon, and saw 3 of its levels.

You collected 184 gold pieces.

Inventory:

Hand Weapons
 a - a +2 dagger
 h - a +2 dagger of venom (weapon)
 o - a +2 whip of draining
Missiles
 d - 10 poisoned darts (quivered)
 e - 10 curare-tipped darts
 k - 86 bolts
Armour
 b - a +0 robe
 c - a +0 cloak (worn)
 l - a +0 leather armour (worn)
 q - a +0 pair of boots (worn)
 r - a +0 buckler (worn)
Scrolls
 g - 2 scrolls of teleportation {unknown}
 i - 3 scrolls of enchant armour {unknown}
 m - a scroll of random uselessness {unknown}
 n - 2 scrolls of identify {unknown}
 s - a scroll of remove curse {unknown}
Potions
 j - a potion of lignification {unknown}
 p - a potion of curing {unknown}
Comestibles
 f - 2 rations


   Skills:
 + Level 2.0 Fighting
 + Level 3.5 Short Blades
 + Level 2.2 Throwing
 + Level 0.1 Armour
 + Level 1.5 Dodging
 + Level 5.7 Stealth


You had 3 spell levels left.
You didn't know any spells.
Your spell library was empty.

Dungeon Overview and Level Annotations

Branches:
Dungeon (3/15)

Altars:
Makhleb
Nemelex Xobeh
Trog
Vehumet
Xom

Annotations:
D:3 Sigmund


Innate Abilities, Weirdness & Mutations

You are small and have problems with some larger weapons.
You are somewhat resistant to further mutation.


Message History

Sigmund points at you and mumbles some strange words.
You are confused.
Sigmund hits you from afar with a +0 scythe.
You are too injured to fight recklessly!
Sigmund points at you and mumbles some strange words.
You resist with some effort.
You bump into the rock wall.
Sigmund gestures wildly while chanting.
Sigmund flickers and vanishes!
Deactivating autopickup; reactivate with Ctrl-A.
You are more confused.
You bump into the rock wall.
A magic dart appears from out of thin air!
The magic dart hits you.
Throwing (i - inventory. (/) - cycle)
d - 11 poisoned darts (quivered)
Press: ? - help, Shift-Dir - straight line You throw a poisoned dart.
A puff of flame appears from out of thin air!
The puff of flame hits you!
You die...

#.# #.# #.. ### #(# #.# #.. ...
#.# #.# #.. ####.####.# #.# ###..
.......#{########.###.#..
...........(.............
....##.#.########.###.##. #
#.##>........##.# #.##.
#.##.#@##.##.##@###.##.
###......# ##......#....
#......#.# #...(..#.##.
#........##. #......#.##.
#...................'...รท
###..###.##.##....(.#.##.
#..............(###.##)
###########..###.##.##..((.......
.............# . .....####'##.


There were no monsters in sight!

Vanquished Creatures
  A gnoll (D:1)
  2 adders (D:2)
  A worm (D:2)
  A dart slug (D:1)
  2 ball pythons (D:1)
  8 bats
  8 goblins
  13 hobgoblins
  4 jackals (D:2)
  6 kobolds
  A quokka (D:2)
  4 frilled lizards
  3 rats
54 creatures vanquished.

Notes
Turn   | Place    | Note
-------+----------+-------------------------------------------
     0 | D:1      | Azimut41r the Halfling Assassin began the quest for the
                  | Orb.
     0 | D:1      | Reached XP level 1. HP: 14/14 MP: 1/1
    86 | D:1      | Reached XP level 2. HP: 16/19 MP: 2/2
    96 | D:1      | Reached skill level 5 in Stealth
   252 | D:1      | Reached XP level 3. HP: 19/24 MP: 3/3
  1651 | D:2      | Reached XP level 4. HP: 29/29 MP: 4/4
  1663 | D:3      | Noticed Sigmund
  1925 | D:2      | Found a burning altar of Makhleb.
  1936 | D:2      | Found a radiant altar of Vehumet.
  2061 | D:2      | Found a shimmering altar of Xom.
  2069 | D:2      | Found a shimmering altar of Xom.
  2069 | D:2      | Found a shimmering altar of Xom.
  2073 | D:2      | Found a shimmering altar of Xom.
  2359 | D:2      | Found a bloodstained altar of Trog.
  2360 | D:2      | Found a sparkling altar of Nemelex Xobeh.
  2523 | D:3      | Noticed a centaur
  2584 | D:3      | Killed from afar by Sigmund

Illustrated notes

Levels and vault maps discovered:
D:1:      dpeg_arrival_line_fractal, layout_basic
D:2:      layout_basic, grunt_temple_overflow_open, xom_redecorated, minitemple
D:3:      layout_basic, first_ration, uniq_ijyb, uniq_sigmund, uniq_robin

Skill      XL: |  1  2  3  4 |
---------------+-------------+-----
Stealth        | 5 |  5.7
Short Blades   | 3 |  3.5
Fighting       | 2 |  2.0
Throwing       | |  2.2
Armour         | |  0.1
Dodging        | |  1.5

Action                   |  1- 3 |  4- 6 || total
-------------------------+-------+-------++-------
Melee: Dagger            |    70 |    39 ||   109
Throw: Dart              |     6 |    13 ||    19
 Stab: Sleeping          |     8 |     2 ||    10
       Distracted        |       |     1 ||     1
  Eat: Ration            |     1 |       ||     1
       Chunk             |       |     2 ||     2
Armor: Robe              |     6 |       ||     6
       Leather armour    |     4 |    20 ||    24
Dodge: Dodged            |    59 |    42 ||   101
